 Dungeon Crawl Stone Soup version 0.28-a0-422-gd71735cc25 (webtiles) character file.

Game seed: 15413616701946912295

88 Dittersdorf the Covered (level 4, -7/29 HPs)
             Began as a Gargoyle Fighter on Sept 8, 2021.
             Killed by divine providence
             ... invoked by an orc priest
              (11 damage)
             ... on level 3 of the Dungeon.
             The game lasted 00:01:37 (2523 turns).

Dittersdorf the Covered (Gargoyle Fighter)          Turns: 2523, Time: 00:01:38

Health: -7/29      AC: 10    Str: 21    XL:     4   Next: 54%
Magic:  4/4        EV:  9    Int:  8    God:
Gold:   114        SH:  4    Dex:  9    Spells: 3/3 levels left

rFire   . . .      SeeInvis .   a - +0 flail
rCold   . . .      Faith    .   c - +0 buckler
rNeg    + . .      Spirit   .   b - +0 scale mail
rPois   ∞          Reflect  .   (no helmet)
rElec   +          Harm     .   (no cloak)
rCorr   .          Rampage  .   (no gloves)
Will    .....                   (no boots)
Stlth   ..........              (no amulet)
HPRegen 0.09/turn               (no ring)
MPRegen 0.09/turn               (no ring)

@: no status effects
A: sickness immunity, AC +3, negative energy resistance 1, electricity
resistance, torment resistance 1, petrification resistance
a: no special abilities


You were on level 3 of the Dungeon.
You visited 1 branch of the dungeon, and saw 3 of its levels.

You collected 114 gold pieces.

Inventory:

Hand Weapons
 a - a +0 flail (weapon)
Armour
 b - a +0 scale mail (worn)
 c - a +0 buckler (worn)
Jewellery
 m - a ring of protection from cold
 o - a ring of protection from fire
Wands
 l - a wand of iceblast (7)
Scrolls
 e - 2 scrolls of enchant weapon {unknown}
 f - a scroll of magic mapping {unknown}
 g - a scroll of identify {unknown}
 h - a scroll of enchant armour {unknown}
 i - a scroll of fog {unknown}
 j - 3 scrolls of teleportation {unknown}
 k - a scroll of noise {unknown}
Potions
 d - a potion of might
 n - a potion of magic {unknown}


   Skills:
 + Level 4.0 Fighting
 + Level 2.8 Maces & Flails
 + Level 4.0 Armour
 - Level 4.0 Shields


You had 3 spell levels left.
You didn't know any spells.
Your spell library was empty.

Dungeon Overview and Level Annotations

Branches:
Dungeon (3/15)

Altars:
Vehumet


Innate Abilities, Weirdness & Mutations

You are immune to sickness and miasma.
Your stone body is resilient. (AC +3)
You are immune to poison.
You resist negative energy. (rN+)
You are resistant to electric shocks. (rElec)
You are resistant to unholy torment.
You are immune to petrification.


Message History

No target in view!
A gnoll comes into view. It is wielding a +0 spear.
Found a radiant altar of Vehumet.
The gnoll shouts!
You hear a shout!
A gnoll comes into view. It is wielding a +0 spear.
The gnoll shouts!
A gnoll comes into view. It is wielding a +0 whip.
The gnoll shouts!
An orc priest comes into view. It is wielding a +0 short sword.
The gnoll closely misses you.
The gnoll throws a throwing net.
The throwing net barely misses you.
You see here a throwing net.
The gnoll closely misses you.
An orc comes into view. It is wielding a +0 dagger.
You block the gnoll's attack. The gnoll hits you but does no damage.
The orc priest invokes the aid of Beogh against you.
Beogh smites you! The gnoll hits you but does no damage.
The gnoll hits you with a +0 spear.
You hear a shout!
You hit the gnoll.
The gnoll is lightly wounded.
The gnoll closely misses you. The gnoll hits you with a +0 spear.
You completely miss the gnoll.
The gnoll is lightly wounded.
The gnoll hits you but does no damage. You block the gnoll's attack.
The gnoll hits you but does no damage.
The gnoll hits you from afar with a +0 spear!
The orc priest looks satisfied for a moment.
The gnoll hits you from afar with a +0 spear.
* * * LOW HITPOINT WARNING * * *
The orc priest mumbles some strange prayers to Beogh against you.
Pain shoots through your body!
* * * LOW HITPOINT WARNING * * *
The gnoll barely misses you.
The orc priest invokes the aid of Beogh against you.
You barely resist.
You see here a throwing net.
The orc priest mumbles some strange prayers to Beogh against you.
Beogh smites you!
You die...

#≈.§§.g≈o≈#
#≈..≈≈≈g§§#
#.≈≈§≈§≈§o#
#......§g(##
..#########o# #...#
#g.## ###.#####.####
.......@....# .
#..########.# .###
##....# #.# ....##
##...#^# #.#
.....###......######.#
......#............#.#
..............####.#.#
.......##...### #.#.#
.......###.## #.#.#


You could see an orc priest and a gnoll.

Vanquished Creatures
  2 adders (D:2)
  4 bats
  2 endoplasms (D:1)
  2 giant cockroaches (D:1)
  4 goblins
  10 hobgoblins
  9 jackals
  4 quokkas
  7 ball pythons
  3 frilled lizards
  7 kobolds
  5 rats (D:1)
59 creatures vanquished.

Vanquished Creatures (others)
  A fungus (D:3)
1 creature vanquished.

Grand Total: 60 creatures vanquished

Notes
Turn   | Place    | Note
-------+----------+-------------------------------------------
     0 | D:1      | Dittersdorf the Gargoyle Fighter began the quest for the
                  | Orb.
     0 | D:1      | Reached XP level 1. HP: 14/14 MP: 1/1
    55 | D:1      | Reached XP level 2. HP: 19/19 MP: 2/2
   141 | D:1      | Found a faded altar of an unknown god.
   404 | D:1      | Reached XP level 3. HP: 15/23 MP: 3/3
  1852 | D:2      | Reached XP level 4. HP: 26/29 MP: 4/4
  2508 | D:3      | Found a radiant altar of Vehumet.
  2523 | D:3      | Killed from afar by an orc priest

Illustrated notes

Levels and vault maps discovered:
D:1:      saegor_arrival_miasma, layout_basic,
          hellmonk_ecumenical_altar_leap_of_faith, dk_noncrumbling_3,
          palyth_stone_intersect, st_stairs_11
D:2:      layout_rooms, minmay_tall_x
D:3:      layout_loops_ring, mainiacjoe_overflow_boulevard,
          mainiacjoe_overflow_paths

Skill      XL: |  1  2  3  4 |
---------------+-------------+-----
Armour         | 4 |  4.0
Shields        | 4 |  4.0
Fighting       | 4 |  4.0
Maces & Flails | |  2.8

Action                   |  1- 3 |  4- 6 || total
-------------------------+-------+-------++-------
Melee: Flail             |   175 |    76 ||   251
Armor: Scale mail        |   129 |    47 ||   176
Dodge: Dodged            |   127 |    42 ||   169
Block: Buckler           |    48 |    19 ||    67

Table legend: (Time is in decaauts)
 A = Elapsed time spent in this place.
 B = Non-inter-level travel time spent in this place.
 C = Inter-level travel time spent in this place.
 D = Time resting spent in this place.
 E = Time spent auto-exploring this place.
 F = Levels seen in this place.
 G = Mean time per level.
                   A        B        C        D        E       F      G
               +--------+--------+--------+--------+--------+-----+--------+
         Total |   2595 |   2544 |     51 |    459 |   1565 |   3 |  865.0 |
       Dungeon |   2595 |   2544 |     51 |    459 |   1565 |   3 |  865.0 |
               +--------+--------+--------+--------+--------+-----+--------+

Top non-repeatable levels by time:
     D:1: 1526 daAuts
     D:2: 985 daAuts
     D:3: 82 daAuts
